 Dungeon Crawl Stone Soup version 0.14-a0-1773-ge500af7 (webtiles) character file.

177 Econoterrorist the Insei (level 4, -6/32 HPs)
             Began as a Demonspawn Transmuter on Jan 6, 2014.
             Was an Initiate of Makhleb.
             Killed by divine providence
             ... invoked by an orc priest
              (15 damage)
             ... on Level 3 of the Dungeon.
             The game lasted 00:09:35 (2696 turns).

Econoterrorist the Insei (Demonspawn Transmuter)    Turns: 2696, Time: 00:09:35

HP  -6/32        AC  2     Str 10      XL: 4   Next: 33%
MP   4/7         EV 19     Int 16      God: Makhleb [......]
Gold 86          SH  0     Dex 18      Spells:  2 memorised,  3 levels left

rFire  + . .     SeeInvis .       - Unarmed
rCold  . . .     Clarity  .     s - melded +0 robe
rNeg   . . .     Conserve .     (shield currently unavailable)
rPois  x         rCorr    .     (helmet currently unavailable)
rElec  .         rRot     .     (cloak currently unavailable)
SustAb . .       Spirit   .     (gloves currently unavailable)
rMut   .         Warding  .     (boots currently unavailable)
Saprov . . .     Stasis   .     (no amulet)
                                (no ring)
                                e - ring of protection from fire {unknown}

@: spider-form, quick, slightly resistant to hostile enchantments, unstealthy
A: (horns 0)
a: End Transformation, Renounce Religion


You were on level 3 of the Dungeon.
You worshipped Makhleb.
Makhleb was noncommittal.
You were not hungry.
You were in spider-form.
You visited 1 branch of the dungeon, and saw 3 of its levels.

You collected 86 gold pieces.

Inventory:

Missiles
 b - 12 arrows
Armour
 s - a +0 robe (melded)
Comestibles
 a - a bread ration
 c - a rotting chunk of giant cockroach flesh
Scrolls
 f - a scroll of immolation {unknown}
 h - a scroll of teleportation {unknown}
 j - a scroll of amnesia
 k - 2 scrolls of curse armour {unknown}
 l - a scroll of noise {unknown}
 p - a scroll of enchant weapon II {unknown}
Jewellery
 e - a ring of protection from fire (left front leg) {unknown}
Potions
 g - a potion of might {unknown}
 n - a potion of curing {unknown}
 q - a potion of magic {unknown}
 r - a potion of restore abilities {unknown}
Books
 d - a book of Changes

   Spells                             Type                      Level
   *Beastly Appendage                 Transmutation                1
   Sticks to Snakes                   Transmutation                2
   *Spider Form                       Transmutation/Poison         3
   Ice Form                           Ice/Transmutation            4
   Blade Hands                        Transmutation                5


   Skills:
 - Level 1.0 Fighting
 - Level 1.7 Dodging
 - Level 4.0 Unarmed Combat
 - Level 2.0 Spellcasting
 + Level 2.3 Transmutations
 + Level 1.7 Poison Magic


You had 3 spell levels left.
You knew the following spells:

 Your Spells              Type           Power        Failure   Level  Hunger
a - Beastly Appendage     Trmt           #.....       24%         1    #......
b - Spider Form           Trmt/Pois      #.........   50%         3    ####...


Dungeon Overview and Level Annotations

Branches:
Dungeon (3/16)

Altars:
Makhleb


Innate Abilities, Weirdness & Mutations

((You have a pair of small horns on your head.))*


Message History

Something smites you!
* * * LOW HITPOINT WARNING * * *
The orc misses you.
You closely miss the orc.
The orc priest glows brightly for a moment.
The orc hits you but does no damage.
Read which item? (? for menu, Esc to quit)
As you read the scroll labeled SIN QAGAMUCRA, it crumbles to dust.
Forget which spell ([?*] list [ESC] exit)?
Okay, then.
It was a scroll of amnesia.
The orc barely misses you.
Casting: Beastly Appendage
Confirm with . or Enter, or press ? or * to list all spells.
You turn into a venomous arachnid creature.
Your +0 robe melds into your body.
The orc closely misses you.
You hit the orc.
The orc is poisoned.
The orc is lightly wounded.
The orc priest invokes the aid of Beogh against you.
Something smites you!
You die...

..# #.# . #.# #.
### #.# .. .o# #.#
#. #o# #.# ##. #.#
#.# #.. #o# #.#
..###..####># #s#
[........<.o####o#
#.###.......oo.oo#
......############
#.###


You could see an orc priest and 2 orcs.

Vanquished Creatures
  A giant mite (D:1)
  3 adders
  An ooze (D:2)
  An orc (D:3)
  2 ball pythons (D:1)
  6 bats
  8 goblins
  4 hobgoblins (D:1)
  10 kobolds
  4 giant cockroaches
  4 giant geckos
  4 giant newts (D:2)
  2 rats
50 creatures vanquished.

Notes
Turn   | Place    | Note
--------------------------------------------------------------
     0 | D:1      | Econoterrorist, the Demonspawn Transmuter, began the quest for the Orb.
     0 | D:1      | Reached XP level 1. HP: 15/15 MP: 3/3
    42 | D:1      | Reached skill level 3 in Unarmed Combat
   129 | D:1      | Gained mutation: You have a pair of small horns on your head. [demonic ancestry]
   129 | D:1      | Reached XP level 2. HP: 21/21 MP: 4/4
   746 | D:1      | Reached XP level 3. HP: 23/26 MP: 6/6
   757 | D:1      | Learned a level 3 spell: Spider Form
  1031 | D:1      | Reached skill level 4 in Unarmed Combat
  1339 | D:2      | Reached skill level 1 in Poison Magic
  1951 | D:2      | Found a burning altar of Makhleb.
  1972 | D:2      | Became a worshipper of Makhleb the Destroyer
  2379 | D:2      | Reached XP level 4. HP: 7/32 MP: 5/7
  2696 | D:3      | Killed from afar by an orc priest

Action                   |  1- 3 |  4- 6 || total
-------------------------+-------+-------++-------
Melee: Unarmed           |   147 |    31 ||   178
 Cast: Beastly Appendage |    12 |     1 ||    13
       Spider Form       |       |     1 ||     1
  Use: Potion            |       |     2 ||     2
       Scroll            |       |     1 ||     1
 Stab: Sleeping          |     1 |       ||     1
